Reakly vs Bunkerbuster (m8 spam)

Match 26564022
End
Construct Infanterie Kompanie
Pioneer Squad
Grenadier Squad
Grenadier Squad
MG 42 Machine Gun Team
Construct Panzergrenadier Kompanie
Panzergrenadier Squad
Medical Station
Selects Mechanized Battlegroup
Selects Raid Package
Selects 8 Rad Armored Car
8 Rad Armored Car
Pak 40 Anti-tank Gun Team
Selects Spotting Scopes
8 Rad Armored Car
Pak 40 Anti-tank Gun Team
Panzergrenadier Officer Quarters
bunkerbuster
Kodak
0
0

Comments sign in to comment!

No comments posted yet!